 Dungeon Crawl Stone Soup version 0.31-a0-182-gc5ef74bbde (webtiles) character file.

Game seed: 4166840932439053693

69 Zenkrye the Firebug (level 4, -2/24 HPs)
             Began as a Deep Elf Fire Elementalist on June 20, 2023.
             Slain by a gnoll
             ... wielding a +0 spear
              (6 damage)
             ... on level 2 of the Dungeon.
             The game lasted 00:04:20 (1629 turns).

Zenkrye the Firebug (Deep Elf Fire Elementalist)    Turns: 1629, Time: 00:04:20

Health: -2/24      AC:  2    Str:  5    XL:     4   Next: 2%
Magic:  5/10       EV: 12    Int: 22    God:
Gold:   60         SH:  0    Dex: 15    Spells: 6/9 levels left

rFire   + . .        e - staff of fire
rCold   . . .        (no shield)
rNeg    . . .        a - +0 robe
rPois   .            (no helmet)
rElec   .            (no cloak)
rCorr   .            (no gloves)
SInv    .            (no boots)
Will    .....        (no amulet)
Stlth   ++           (no ring)
HPRegen 0.24/turn    (no ring)
MPRegen 0.12/turn

%: no passive effects
@: no status effects
A: no striking features
a: no special abilities


You were on level 2 of the Dungeon.
You visited 1 branch of the dungeon, and saw 2 of its levels.

You collected 60 gold pieces.

Inventory:

Armour
 a - a +0 robe (worn)
Magical Staves
 d - a staff of death
 e - a staff of fire (weapon)
Scrolls
 f - a scroll of vulnerability {unknown}
 h - a scroll of identify {unknown}
Potions
 b - 2 potions of magic
 c - a potion of attraction {unknown}
 g - a potion of lignification {unknown}


   Skills:
 - Level 2.4 Dodging
 - Level 2.4 Stealth
 - Level 3.0 Spellcasting
 + Level 3.1 Conjurations
 + Level 4.4 Fire Magic


You had 6 spell levels left.
You knew the following spells:

 Your Spells              Type           Power      Damage    Failure   Level
a - Foxfire               Conj/Fire      100%       2x1d9     2%          1
b - Scorch                Fire           68%        2d7       3%          2

Your spell library contained the following spells:

 Spells                   Type           Power      Damage    Failure   Level
 Inner Flame              Hex/Fire       19%        N/A       16%         3
 Volatile Blastmotes      Fire/Tloc      38%        2d13      16%         3
 Flame Wave               Conj/Fire      30%        2d9       26%         4


Dungeon Overview and Level Annotations

Branches:
Dungeon (2/15)

Altars:


Message History

You feel a surge of power!
You conjure some foxfire!
The foxfire hits the gnoll.
The gnoll is moderately wounded.
The foxfire hits the gnoll.
The gnoll is heavily wounded.
The foxfire hits the gnoll.
The gnoll is severely wounded.
The foxfire hits the gnoll.
The gnoll is almost dead.
A gnoll comes into view. It is wielding a +0 spear.
Casting: Foxfire (safe; 2% risk of failure)
Confirm with . or Enter, or press ? or * to list all spells.
You feel a surge of power!
You conjure some foxfire!
The gnoll shouts!
The gnoll throws a throwing net.
The throwing net hits you.
You become entangled in the net!
The foxfire hits the gnoll.
The gnoll is moderately wounded.
The gnoll hits you from afar with a +0 spear!
The foxfire hits the gnoll.
The gnoll is almost dead.
A gnoll comes into view. It is wielding a +0 club.
Casting: Foxfire (safe; 2% risk of failure)
Confirm with . or Enter, or press ? or * to list all spells.
You feel a surge of power!
You conjure some foxfire!
The gnoll barely misses you.
The foxfire hits the gnoll but does no damage.
The gnoll is moderately wounded.
The foxfire hits the gnoll but does no damage.
The gnoll is moderately wounded.
The gnoll hits you from afar with a +0 spear.
You struggle against the net.
The gnoll barely misses you.
The gnoll hits you from afar with a +0 spear!
* * * LOW HITPOINT WARNING * * *
You struggle against the net.
The gnoll barely misses you.
The gnoll hits you from afar with a +0 spear.
* * * LOW HITPOINT WARNING * * *
You shred the net and break free! The gnoll barely misses you.
The gnoll hits you from afar with a +0 spear.
You die...

....# ###.# #.# ###.#
# ###############
....# #.
............... ##..#
#.########..#######
##..#
#...........gg.....
.#..#
#.#.#.####..#########.
##..#
#.......<#@.g..)....§§
<#..#
#.#...#..#...#########
##..# #...#.##...#
.#..# #.#......#.†.#
....#.#........#...#
....#.#........#...#
......#............#
#...........#####..#
.#.................#


You could see 3 gnolls.

Vanquished Creatures
  Jessica (D:2)
  A gnoll (D:2)
  2 worms (D:2)
  An endoplasm (D:2)
  A giant cockroach (D:1)
  A goblin (D:1)
  5 hobgoblins
  A quokka (D:1)
  4 bats
  2 frilled lizards
  5 kobolds
  3 rats
27 creatures vanquished.

Vanquished Creatures (others)
  69 foxfires
69 creatures vanquished.

Grand Total: 96 creatures vanquished

Notes
Turn   | Place    | Note
-------+----------+-------------------------------------------
     0 | D:1      | Zenkrye the Deep Elf Fire Elementalist began the quest for
                  | the Orb.
     0 | D:1      | Reached XP level 1. HP: 10/10 MP: 6/6
   493 | D:1      | Reached XP level 2. HP: 11/15 MP: 4/8
   676 | D:1      | Learned a level 2 spell: Scorch
   941 | D:1      | Identified a scroll of acquirement
   941 | D:1      | Acquired a staff of fire
  1178 | D:2      | Reached skill level 4 in Fire Magic
  1178 | D:2      | Reached XP level 3. HP: 19/19 MP: 0/9
  1464 | D:2      | Noticed Jessica
  1468 | D:2      | Killed Jessica
  1620 | D:2      | Reached XP level 4. HP: 24/24 MP: 7/10
  1629 | D:2      | Slain by a gnoll

Illustrated notes

Levels and vault maps discovered:
D:1:      minmay_arrival_doors, layout_basic
D:2:      minmay_wonky_spiral, layout_basic, corexii_leaking_fountain,
          nicolae_the_louvre, uniq_jessica

Skill      XL: |  1  2  3 |
---------------+----------+-----
Conjurations   | 2 3 |  3.1
Fire Magic     | 4 |  4.4
Dodging        | |  2.4
Stealth        | |  2.4
Spellcasting   | |  3.0

Action                     |  1- 3 |  4- 6 || total
---------------------------+-------+-------++-------
   Cast: Foxfire           |    36 |     3 ||    39
         Scorch            |     5 |       ||     5
    Use: Scroll            |     2 |       ||     2
 Armour: Robe              |     3 |       ||     3
  Dodge: Dodged            |     4 |     4 ||     8

Table legend: (Time is in decaauts)
 A = Elapsed time spent in this place.
 B = Non-inter-level travel time spent in this place.
 C = Inter-level travel time spent in this place.
 D = Time resting spent in this place.
 E = Time spent auto-exploring this place.
 F = Levels seen in this place.
 G = Mean time per level.
                   A        B        C        D        E       F      G
               +--------+--------+--------+--------+--------+-----+--------+
         Total |   1627 |   1612 |     15 |      0 |   1432 |   2 |  813.5 |
       Dungeon |   1627 |   1612 |     15 |      0 |   1432 |   2 |  813.5 |
               +--------+--------+--------+--------+--------+-----+--------+

Top non-repeatable levels by time:
     D:1: 962 daAuts
     D:2: 665 daAuts
